 Dungeon Crawl Stone Soup version 0.22-a0-271-gc000056 (webtiles) character file.

3054 tidbits the Martial Artist (level 9, 13/68 HPs)
             Began as a Gnoll Transmuter on Mar 12, 2018.
             Was a Believer of Cheibriados.
             Quit the game on level 9 of the Dungeon.
             The game lasted 00:17:33 (1905 turns).

tidbits the Martial Artist (Gnoll Transmuter)       Turns: 1905, Time: 00:17:34

Health: 13/68      AC:  2    Str: 17    XL:     9   Next: 87%
Magic:  13/19      EV: 28    Int: 27    God:    Cheibriados [**....]
Gold:   238        SH:  0    Dex: 25    Spells: 10/21 levels left

rFire    . . .     SeeInvis .     - Unarmed
rCold    + . .     Gourm    .   (shield currently unavailable)
rNeg     . . .     Faith    .   (armour currently unavailable)
rPois    x         Spirit   .   (helmet currently unavailable)
rElec    .         Reflect  .   (cloak currently unavailable)
rCorr    .         Harm     .   (gloves currently unavailable)
MR       .....                  (boots currently unavailable)
Stlth    +++.......             (no amulet)
HPRegen  0.21/turn              v - +5 ring of intelligence
MPRegen  0.16/turn              x - ring of protection from cold

@: lethally poisoned (13 -> -9), spider-form, very slightly contaminated,
invisible, very slow
A: tiny, distributed training, strong nose
a: End Transformation, Bend Time, Renounce Religion


You were on level 9 of the Dungeon.
You worshipped Cheibriados.
Cheibriados was pleased with you.
You were very hungry.
You were a venomous arachnid creature.
You visited 1 branch of the dungeon, and saw 10 of its levels.

You collected 238 gold pieces.

Inventory:

Hand Weapons
 e - a +0 hunting sling
 g - a +0 hand crossbow
 h - a +0 dagger (melded)
 o - a +2 flail of protection
   (You found it on level 3 of the Dungeon)
 w - a +0 flail of crushing
   (You took it off Edmund on level 6 of the Dungeon)
 C - a +2 short sword of venom
   (You took it off an orc on level 6 of the Dungeon)
Missiles
 a - 118 arrows
 f - 38 stones (quivered)
Armour
 b - a +0 robe (melded)
 d - a cursed +0 scale mail
 l - a +0 pair of gloves
 u - a +0 pair of boots
 E - a +0 helmet (melded)
Magical Staves
 y - an uncursed staff of power {!a}
   (You found it on level 6 of the Dungeon)
Jewellery
 s - a +3 ring of dexterity
   (You found it on level 5 of the Dungeon)
 v - a +5 ring of intelligence (left front leg)
   (You found it on level 4 of the Dungeon)
 x - a ring of protection from cold (right front leg)
   (You found it on level 6 of the Dungeon)
Wands
 p - a wand of paralysis (15)
 z - a wand of random effects (8)
 F - a wand of acid (11)
Scrolls
 i - 4 scrolls of identify
 j - 2 scrolls of amnesia
 k - a scroll of magic mapping
 m - 2 scrolls of teleportation
 n - 2 scrolls of random uselessness
 q - a scroll of enchant armour
 r - 5 scrolls of remove curse
 t - a scroll of enchant weapon
 B - a scroll of immolation
Potions
 A - a potion of magic
Comestibles
 c - 11 rations


   Skills:
 + Level 5.3 Fighting
 + Level 4.5 Short Blades
 + Level 4.5 Long Blades
 + Level 4.5 Axes
 + Level 4.5 Maces & Flails
 + Level 4.5 Polearms
 + Level 4.5 Staves
 + Level 4.5 Slings
 + Level 4.5 Bows
 + Level 4.5 Crossbows
 + Level 4.5 Throwing
 + Level 4.5 Armour
 + Level 6.5 Dodging
 + Level 4.5 Stealth
 + Level 4.5 Shields
 + Level 8.1 Unarmed Combat
 + Level 6.8 Spellcasting
 + Level 3.8 Conjurations
 + Level 3.8 Hexes
 + Level 3.8 Charms
 + Level 3.8 Summonings
 + Level 3.8 Necromancy
 + Level 3.8 Translocations
 + Level 5.4 Transmutations
 + Level 3.8 Fire Magic
 + Level 3.8 Ice Magic
 + Level 3.8 Air Magic
 + Level 3.8 Earth Magic
 + Level 3.8 Poison Magic
 + Level 5.0 Invocations
 + Level 4.5 Evocations


You had 10 spell levels left.
You knew the following spells:

 Your Spells              Type           Power        Failure   Level  Hunger
e - Beastly Appendage     Tmut           #####.       4%          1    None
h - Blade Hands           Tmut           #####.....   36%         5    #####..
k - Sticks to Snakes      Tmut           #####...     4%          2    None
p - Spider Form           Tmut/Pois      ####......   10%         3    None


Dungeon Overview and Level Annotations

Branches:
Dungeon (10/15)            Temple (0/1) D:5            Lair (0/6) D:9
    Orc: D:9-12

Altars:
Cheibriados
Dithmenos
Elyvilon
Hepliaklqana
Nemelex Xobeh
Sif Muna
Trog
Yredelemnul
The Shining One

Annotations:
D:9 Nib's ghost, journeyman MiFi


Innate Abilities, Weirdness & Mutations

Your experience applies equally to all skills.
((You have very sharp teeth.))
Your uncanny sense of smell can sniff out nearby items.


Message History

Your ball python bites the killer bee but does no damage.
Your ball python constricts the killer bee.
The killer bee barely misses you. x2
You hit the killer bee but do no damage.
The killer bee is poisoned.
You feel sick. The killer bee completely misses you.
Your ball python closely misses the killer bee.
Your ball python constricts the killer bee.
The killer bee completely misses you. The killer bee closely misses you.
The killer bee completely misses you.
You hit the killer bee.
The killer bee is poisoned.
The killer bee is moderately wounded.
Your ball python bites the killer bee.
Your ball python constricts the killer bee.
The killer bee stings you!
* * * LOW HITPOINT WARNING * * *
You are more poisoned.
The killer bee poisons you! The killer bee completely misses you.
The killer bee barely misses you.
An adder skeleton comes into view.
You hit the killer bee.
The killer bee is poisoned.
The killer bee is moderately wounded.
You feel sick.
Your ball python barely misses the killer bee.
Your ball python constricts the killer bee.
The killer bee completely misses you. The killer bee closely misses you.
The killer bee stings you but does no damage.
Okay, then.
You hit the killer bee but do no damage.
The killer bee is severely wounded.
You feel sick.
Your ball python bites the killer bee but does no damage.
Your ball python constricts the killer bee.
The killer bee completely misses you. The killer bee stings you.
* * * LOW HITPOINT WARNING * * *
You are lethally poisoned!
The killer bee poisons you! The killer bee stings you.
* * * LOW HITPOINT WARNING * * *
You fade into invisibility!
* * * LOW HITPOINT WARNING * * *
You feel sick.
You kill the killer bee!
Cheibriados appreciates the change of pace.
Your Invocations skill increases to level 5!
You kill the killer bee!
Cheibriados appreciates the change of pace.
Your ball python bites the killer bee but does no damage.
Your ball python constricts the killer bee.
The killer bee completely misses you.
Your ball python bites the killer bee.
Your ball python constricts the killer bee.
You are very lightly contaminated with residual magic.
Unknown command.
You catch the helpless killer bee completely off-guard!
You bite the killer bee!
You kill the killer bee!
Cheibriados appreciates the change of pace.
* * * LOW HITPOINT WARNING * * *
You feel sick.
The killer bee closely misses your ball python.
Your ball python barely misses the killer bee.
Your ball python constricts the killer bee.
You bite the killer bee!
The killer bee is heavily wounded.
* * * LOW HITPOINT WARNING * * *
You feel sick. The killer bee misses your ball python.
The killer bee misses you.
The killer bee barely misses your ball python.
The killer bee completely misses you.
Your ball python bites the killer bee but does no damage.
Your ball python constricts the killer bee.
You miss the killer bee.
The killer bee is heavily wounded.
* * * LOW HITPOINT WARNING * * *
You feel sick.
The killer bee barely misses your ball python.
The killer bee completely misses you. The adder skeleton misses you.
The killer bee completely misses your ball python.
The killer bee completely misses you.
Your ball python bites the killer bee.
Your ball python constricts the killer bee.
You bite the killer bee!
You kill the killer bee!
Cheibriados thoroughly appreciates the change of pace.
* * * LOW HITPOINT WARNING * * *
You feel sick.
The killer bee closely misses your ball python.
The adder skeleton completely misses you.
The killer bee stings your ball python!
Your ball python dies!
The killer bee buzzes angrily.
You hit the adder skeleton.
The adder skeleton is heavily damaged.
* * * LOW HITPOINT WARNING * * *
You feel sick.
The adder skeleton completely misses you.
You hit the adder skeleton.
The adder skeleton is almost destroyed.
* * * LOW HITPOINT WARNING * * *
You feel sick.
Okay, then.
Are you sure you want to abandon this character and quit the game? (Confirm with "yes".)

.. .# y. ..# .#######..#
.........$ #...<..... .
#.†....... ...
#......... ####
.....##y#############...
).....Zs†...............
........................
........................
......################..
##.... #.. #.... #..
#.... #.. #... ###


You could see a killer bee and an adder skeleton.

Vanquished Creatures
  A two-headed ogre (D:8)
  A troll (D:9)
  2 hippogriffs
  Edmund (D:6)
  A black bear (D:9)
  2 ice beasts
  3 ogres
  2 centaurs
  A gnoll sergeant (D:8)
  2 bullfrogs
  2 scorpions
  5 killer bees
  An orc priest (D:8)
  A centaur skeleton (D:6)
  2 hounds
  4 orc wizards
  4 worker ants
  2 hound skeletons
  Robin (D:4)
  5 adders
  3 gnolls (D:8)
  An ooze (D:5)
  An adder zombie (D:8)
  An adder skeleton (D:5)
  A worm (D:3)
  A dart slug (D:3)
  2 leopard geckos
  6 orcs
  A ball python (D:3)
  2 bats
  2 giant cockroaches
  12 goblins
  3 hobgoblins
  7 jackals
  5 kobolds
  A quokka skeleton (D:5)
  4 rats (D:3)
96 creatures vanquished.

Vanquished Creatures (collateral kills)
  An ogre (D:4)
  2 crimson imps
3 creatures vanquished.

Grand Total: 99 creatures vanquished

Notes
Turn   | Place    | Note
-------+----------+-------------------------------------------
     0 | D:1      | tidbits the Gnoll Transmuter began the quest for the Orb.
     0 | D:1      | Reached XP level 1. HP: 17/17 MP: 6/6
    84 | D:1      | Reached XP level 2. HP: 21/23 MP: 5/7
    98 | D:1      | Learned a level 2 spell: Sticks to Snakes
   144 | D:3      | Found a deep blue altar of Sif Muna.
   160 | D:3      | Reached XP level 3. HP: 28/28 MP: 3/9
   172 | D:3      | Learned a level 3 spell: Spider Form
   173 | D:3      | Found a shadowy altar of Dithmenos.
   178 | D:3      | Reached skill level 5 in Spellcasting
   188 | D:3      | Reached skill level 1 in Invocations
   365 | D:4      | Reached skill level 1 in Short Blades
   365 | D:4      | Reached skill level 1 in Long Blades
   365 | D:4      | Reached skill level 1 in Axes
   365 | D:4      | Reached skill level 1 in Maces & Flails
   365 | D:4      | Reached skill level 1 in Polearms
   365 | D:4      | Reached skill level 1 in Staves
   365 | D:4      | Reached skill level 1 in Slings
   365 | D:4      | Reached skill level 1 in Bows
   365 | D:4      | Reached skill level 1 in Crossbows
   365 | D:4      | Reached skill level 1 in Throwing
   365 | D:4      | Reached skill level 1 in Armour
   365 | D:4      | Reached skill level 1 in Stealth
   365 | D:4      | Reached skill level 1 in Shields
   365 | D:4      | Reached skill level 1 in Evocations
   365 | D:4      | Reached XP level 4. HP: 31/34 MP: 4/11
   409 | D:4      | Noticed an ogre
   418 | D:4      | Killed an ogre
   418 | D:4      | Reached skill level 1 in Conjurations
   418 | D:4      | Reached skill level 1 in Hexes
   418 | D:4      | Reached skill level 1 in Charms
   418 | D:4      | Reached skill level 1 in Summonings
   418 | D:4      | Reached skill level 1 in Necromancy
   418 | D:4      | Reached skill level 1 in Translocations
   418 | D:4      | Reached skill level 1 in Fire Magic
   418 | D:4      | Reached skill level 1 in Ice Magic
   418 | D:4      | Reached skill level 1 in Air Magic
   418 | D:4      | Reached skill level 1 in Earth Magic
   418 | D:4      | Reached skill level 1 in Poison Magic
   418 | D:4      | Reached XP level 5. HP: 40/40 MP: 2/12
   441 | D:4      | Noticed an ogre
   450 | D:4      | Killed an ogre
   450 | D:4      | Reached skill level 3 in Fighting
   450 | D:4      | Reached skill level 4 in Transmutations
   450 | D:4      | Reached skill level 2 in Invocations
   450 | D:4      | Reached XP level 6. HP: 16/47 MP: 3/13
   468 | D:4      | Noticed Robin
   479 | D:4      | HP: 7/70 [Robin/spear (1)]
   482 | D:4      | Killed Robin
   485 | D:4      | HP: 6/70 [poisoned by a worker ant]
   552 | D:3      | Reached skill level 5 in Dodging
   592 | D:2      | Reached skill level 2 in Short Blades
   592 | D:2      | Reached skill level 2 in Long Blades
   592 | D:2      | Reached skill level 2 in Axes
   592 | D:2      | Reached skill level 2 in Maces & Flails
   592 | D:2      | Reached skill level 2 in Polearms
   592 | D:2      | Reached skill level 2 in Staves
   592 | D:2      | Reached skill level 2 in Slings
   592 | D:2      | Reached skill level 2 in Bows
   592 | D:2      | Reached skill level 2 in Crossbows
   592 | D:2      | Reached skill level 2 in Throwing
   592 | D:2      | Reached skill level 2 in Armour
   592 | D:2      | Reached skill level 2 in Stealth
   592 | D:2      | Reached skill level 2 in Shields
   592 | D:2      | Reached skill level 2 in Evocations
   666 | D:4      | Found a snail-covered altar of Cheibriados.
   675 | D:4      | Became a worshipper of Cheibriados the Contemplative
   701 | D:4      | Found a basalt altar of Yredelemnul.
   704 | D:4      | Found a sparkling altar of Nemelex Xobeh.
   706 | D:4      | Found a bloodstained altar of Trog.
   759 | D:4      | Found a glowing golden altar of the Shining One.
   834 | D:5      | Entered Level 5 of the Dungeon
   867 | D:5      | Reached XP level 7. HP: 52/52 MP: 12/15
   991 | D:5      | Found a hazy altar of Hepliaklqana.
  1007 | D:6      | Reached skill level 7 in Unarmed Combat
  1080 | D:5      | Found a staircase to the Ecumenical Temple.
  1148 | D:6      | Reached skill level 2 in Conjurations
  1148 | D:6      | Reached skill level 2 in Hexes
  1148 | D:6      | Reached skill level 2 in Charms
  1148 | D:6      | Reached skill level 2 in Summonings
  1148 | D:6      | Reached skill level 2 in Necromancy
  1148 | D:6      | Reached skill level 2 in Translocations
  1148 | D:6      | Reached skill level 2 in Fire Magic
  1148 | D:6      | Reached skill level 2 in Ice Magic
  1148 | D:6      | Reached skill level 2 in Air Magic
  1148 | D:6      | Reached skill level 2 in Earth Magic
  1148 | D:6      | Reached skill level 2 in Poison Magic
  1165 | D:6      | Noticed Edmund
  1175 | D:6      | Killed Edmund
  1175 | D:6      | Reached skill level 3 in Invocations
  1222 | D:6      | Reached * piety under Cheibriados
  1222 | D:6      | Reached XP level 8. HP: 60/60 MP: 12/16
  1375 | D:6      | Found a white marble altar of Elyvilon.
  1469 | D:7      | Reached skill level 4 in Fighting
  1469 | D:7      | Reached skill level 3 in Short Blades
  1469 | D:7      | Reached skill level 3 in Long Blades
  1469 | D:7      | Reached skill level 3 in Axes
  1469 | D:7      | Reached skill level 3 in Maces & Flails
  1469 | D:7      | Reached skill level 3 in Polearms
  1469 | D:7      | Reached skill level 3 in Staves
  1469 | D:7      | Reached skill level 3 in Slings
  1469 | D:7      | Reached skill level 3 in Bows
  1469 | D:7      | Reached skill level 3 in Crossbows
  1469 | D:7      | Reached skill level 3 in Throwing
  1469 | D:7      | Reached skill level 3 in Armour
  1469 | D:7      | Reached skill level 3 in Stealth
  1469 | D:7      | Reached skill level 3 in Shields
  1469 | D:7      | Reached skill level 3 in Evocations
  1509 | D:8      | Reached skill level 6 in Spellcasting
  1613 | D:8      | Noticed a hippogriff
  1631 | D:8      | Killed a hippogriff
  1645 | D:8      | Reached ** piety under Cheibriados
  1645 | D:8      | Reached skill level 3 in Conjurations
  1645 | D:8      | Reached skill level 3 in Hexes
  1645 | D:8      | Reached skill level 3 in Charms
  1645 | D:8      | Reached skill level 3 in Summonings
  1645 | D:8      | Reached skill level 3 in Necromancy
  1645 | D:8      | Reached skill level 3 in Translocations
  1645 | D:8      | Reached skill level 3 in Fire Magic
  1645 | D:8      | Reached skill level 3 in Ice Magic
  1645 | D:8      | Reached skill level 3 in Air Magic
  1645 | D:8      | Reached skill level 3 in Earth Magic
  1645 | D:8      | Reached skill level 3 in Poison Magic
  1645 | D:8      | Reached skill level 4 in Invocations
  1677 | D:9      | Noticed a troll
  1684 | D:9      | Killed a troll
  1684 | D:9      | Reached skill level 6 in Dodging
  1684 | D:9      | Reached skill level 5 in Transmutations
  1684 | D:9      | Reached XP level 9. HP: 35/66 MP: 14/18
  1710 | D:9      | Noticed Nib's ghost (journeyman MiFi)
  1718 | D:9      | Learned a level 5 spell: Blade Hands
  1724 | D:9      | Found a staircase to the Lair.
  1748 | D:8      | Noticed a two-headed ogre
  1751 | D:8      | Killed a two-headed ogre
  1751 | D:8      | Reached skill level 5 in Fighting
  1751 | D:8      | Reached skill level 4 in Short Blades
  1751 | D:8      | Reached skill level 4 in Long Blades
  1751 | D:8      | Reached skill level 4 in Axes
  1751 | D:8      | Reached skill level 4 in Maces & Flails
  1751 | D:8      | Reached skill level 4 in Polearms
  1751 | D:8      | Reached skill level 4 in Staves
  1751 | D:8      | Reached skill level 4 in Slings
  1751 | D:8      | Reached skill level 4 in Bows
  1751 | D:8      | Reached skill level 4 in Crossbows
  1751 | D:8      | Reached skill level 4 in Throwing
  1751 | D:8      | Reached skill level 4 in Armour
  1751 | D:8      | Reached skill level 4 in Stealth
  1751 | D:8      | Reached skill level 4 in Shields
  1751 | D:8      | Reached skill level 4 in Evocations
  1774 | D:10     | Entered Level 10 of the Dungeon
  1820 | D:9      | Reached skill level 8 in Unarmed Combat
  1898 | D:9      | Reached skill level 5 in Invocations
  1905 | D:9      | Quit the game

Vault maps used:
D:1:      mushboom_english_gardens
D:2:      chequers_ecumenical_altar_simple, bh_chokoban, cheibrodos_gnoll_hut,
          uniq_jessica
D:3:      lemuel_crystal_altar, grunt_dithmenos_smoke_and_mirrors
D:4:      nicolae_overflow_hidden_temple, old_standard_altar,
          kennysheep_mini_moat, serial_forest, infiniplex_forest_end_2,
          infiniplex_forest_clump_long, infiniplex_forest_lined_ring,
          infiniplex_forest_clump_tiny, infiniplex_forest_clump_double,
          infiniplex_forest_lined_3, infiniplex_forest_lined_corner,
          lemuel_tele_altar, uniq_robin
D:5:      xom_butterflies, lemuel_round_altar, minmay_temple_entry_glass,
          first_ration, hangedman_decor_diamond_cutter
D:6:      lemuel_crystal_altar, uniq_edmund
D:7:      minmay_the_grid_octo_2x2, fedhas_altar_1, overflow_temple_1_default,
          the_bakery, minivault_14, uniq_prince_ribbit1
D:8:      bloody_makhleb, minmay_misc_feat_more_columns,
          kennysheep_okawaru_gauntlet, uniq_maurice, uniq_erica
D:9:      dpeg_oklobed_lair, corexii_checkpoint_a
D:10:     minivault_11, uniq_joseph

Skill      XL: |  1  2  3  4  5  6  7  8  9 |
---------------+----------------------------+-----
Spellcasting   | 5 6 |  6.8
Invocations    | 1 2 3 4 5 |  5.0
Short Blades   | 1 2 3 4 |  4.5
Long Blades    | 1 2 3 4 |  4.5
Axes           | 1 2 3 4 |  4.5
Maces & Flails | 1 2 3 4 |  4.5
Polearms       | 1 2 3 4 |  4.5
Staves         | 1 2 3 4 |  4.5
Slings         | 1 2 3 4 |  4.5
Bows           | 1 2 3 4 |  4.5
Crossbows      | 1 2 3 4 |  4.5
Throwing       | 1 2 3 4 |  4.5
Armour         | 1 2 3 4 |  4.5
Stealth        | 1 2 3 4 |  4.5
Shields        | 1 2 3 4 |  4.5
Evocations     | 1 2 3 4 |  4.5
Conjurations   | 1 2 3 |  3.8
Hexes          | 1 2 3 |  3.8
Charms         | 1 2 3 |  3.8
Summonings     | 1 2 3 |  3.8
Necromancy     | 1 2 3 |  3.8
Translocations | 1 2 3 |  3.8
Fire Magic     | 1 2 3 |  3.8
Ice Magic      | 1 2 3 |  3.8
Air Magic      | 1 2 3 |  3.8
Earth Magic    | 1 2 3 |  3.8
Poison Magic   | 1 2 3 |  3.8
Fighting       | 3 4 5 |  5.3
Transmutations | 4 5 |  5.4
Dodging        | 5 6 |  6.5
Unarmed Combat | 7 8 |  8.1

Action                   |  1- 3 |  4- 6 |  7- 9 || total
-------------------------+-------+-------+-------++-------
Melee: Unarmed           |    50 |    66 |   133 ||   249
       Kick              |     9 |       |       ||     9
       Punch             |     1 |       |       ||     1
       Dagger            |       |       |     9 ||     9
       Bite              |       |       |     1 ||     1
Throw: Stone             |       |     1 |     1 ||     2
 Cast: Beastly Appendage |     5 |       |       ||     5
       Sticks to Snakes  |     2 |     4 |    12 ||    18
       Spider Form       |     6 |     8 |    20 ||    34
Invok: Bend Time         |       |       |     1 ||     1
 Abil: End Transformatio |       |       |     2 ||     2
Evoke: Wand              |       |       |     2 ||     2
  Use: Scroll            |     1 |     1 |     8 ||    10
       Potion            |       |     2 |     1 ||     3
 Stab: Sleeping          |     1 |       |     6 ||     7
       Paralysed         |       |       |     2 ||     2
       Distracted        |       |       |     1 ||     1
       Invisible         |       |       |     1 ||     1
  Eat: Chunk             |       |       |     3 ||     3
Armor: Robe              |     3 |       |       ||     3
       Skin              |       |    21 |     4 ||    25
Dodge: Dodged            |    29 |    30 |   154 ||   213

Table legend:
 A = Spawn XP
 B = Non-spawn XP
 C = Spawn XP percentage of total XP
 D = Spawn monster count
 E = Non-spawn monster count
 F = Spawn count percentage of total count
 G = Total turns spent on level
                    A         B        C        D         E        F      G
               +---------+---------+-------+---------+---------+-------+---------
         Total |       0 |    4364 |   0.0 |       0 |      99 |   0.0 |  1905
               +---------+---------+-------+---------+---------+-------+---------
           D:1 |       0 |      16 |   0.0 |       0 |       9 |   0.0 |   100
           D:2 |       0 |       2 |   0.0 |       0 |       1 |   0.0 |    67
           D:3 |       0 |     117 |   0.0 |       0 |      20 |   0.0 |   287
           D:4 |       0 |     474 |   0.0 |       0 |      19 |   0.0 |   385
           D:5 |       0 |     108 |   0.0 |       0 |       8 |   0.0 |   274
           D:6 |       0 |     614 |   0.0 |       0 |      13 |   0.0 |   333
           D:7 |       0 |     232 |   0.0 |       0 |       6 |   0.0 |    56
           D:8 |       0 |    1603 |   0.0 |       0 |      12 |   0.0 |   181
           D:9 |       0 |    1198 |   0.0 |       0 |      11 |   0.0 |   220
               +---------+---------+-------+---------+---------+-------+---------

Table legend:
 A = Turns spent in this place as a percentage of turns spent in the entire game.
 B = Non-inter-level travel turns spent in this place as a percentage of non-inter-level travel turns spent in the entire game.
 C = Inter-level travel turns spent in this place as a percentage of turns spent in this place.
 D = Turns resting spent in this place as a percentage of non-inter-level travel turns spent in this place.
 E = Turns spent auto-exploring this place as a percentage of non-inter-level travel turns spent in this place.
 F = Non-inter-level travel turns spent in this place divided by the number of levels of this place that you've seen.
                   A       B       C       D       E      F
               +-------+-------+-------+-------+-------+----------------------
         Total | 100.0 | 100.0 |   0.0 |   0.0 |   0.0 | 190.5
       Dungeon | 100.0 | 100.0 |   0.0 |   0.0 |   0.0 | 190.5
               +-------+-------+-------+-------+-------+----------------------

Table legend:
 A = Kills in this place as a percentage of kills in entire the game.
 B = Kills by you in this place as a percentage of kills by you in the entire game.
 C = Kills by friends in this place as a percentage of kills by friends in the entire game.
 D = Other kills in this place as a percentage of other kills in the entire game.
 E = Experience gained in this place as a percentage of experience gained in the entire game.
 F = Experience gained in this place divided by the number of levels of this place that you have seen.
                   A       B       C       D       E      F
               +-------+-------+-------+-------+-------+----------------------
         Total | 100.0 | 100.0 | 100.0 |   N/A | 100.0 | 436.4
       Dungeon | 100.0 | 100.0 | 100.0 |   N/A | 100.0 | 436.4
               +-------+-------+-------+-------+-------+----------------------

Vault maps used:
D:1:      mushboom_english_gardens
D:2:      chequers_ecumenical_altar_simple, bh_chokoban, cheibrodos_gnoll_hut,
          uniq_jessica
D:3:      lemuel_crystal_altar, grunt_dithmenos_smoke_and_mirrors
D:4:      nicolae_overflow_hidden_temple, old_standard_altar,
          kennysheep_mini_moat, serial_forest, infiniplex_forest_end_2,
          infiniplex_forest_clump_long, infiniplex_forest_lined_ring,
          infiniplex_forest_clump_tiny, infiniplex_forest_clump_double,
          infiniplex_forest_lined_3, infiniplex_forest_lined_corner,
          lemuel_tele_altar, uniq_robin
D:5:      xom_butterflies, lemuel_round_altar, minmay_temple_entry_glass,
          first_ration, hangedman_decor_diamond_cutter
D:6:      lemuel_crystal_altar, uniq_edmund
D:7:      minmay_the_grid_octo_2x2, fedhas_altar_1, overflow_temple_1_default,
          the_bakery, minivault_14, uniq_prince_ribbit1
D:8:      bloody_makhleb, minmay_misc_feat_more_columns,
          kennysheep_okawaru_gauntlet, uniq_maurice, uniq_erica
D:9:      dpeg_oklobed_lair, corexii_checkpoint_a
D:10:     minivault_11, uniq_joseph
